 Dungeon Crawl Stone Soup version 0.28.0 (webtiles) character file.

Game seed: 828294716313086083

249 croobank the Insei (level 6, -2/41 HPs)
             Began as an Octopode Transmuter on Feb 14, 2022.
             Slain by an ogre (14 damage)
             ... on level 4 of the Dungeon.
             The game lasted 00:08:21 (2911 turns).

croobank the Insei (Octopode Transmuter)            Turns: 2911, Time: 00:08:21

Health: -2/41      AC:  1    Str:  9    XL:     6   Next: 12%
Magic:  7/10       EV: 17    Int: 17    God:
Gold:   137        SH:  5    Dex: 13    Spells: 3/11 levels left

rFire   . . .      SeeInvis .   a - +2 short sword (speed)
rCold   . . .      Faith    .   (no shield)
rNeg    . . .      Spirit   .   (helmet currently unavailable)
rPois   .          Reflect  +   m - amulet of reflection
rElec   .          Harm     .   f - +4 ring of evasion
rCorr   .          Rampage  .   (no ring)
Will    .....                   (no ring)
Stlth   ++........              (no ring)
HPRegen 0.13/turn               (no ring)
MPRegen 0.12/turn               (no ring)
                                (no ring)
                                (no ring)

@: appendages, wereblooded
A: tentacle spike 3, almost no armour, amphibious, 8 rings, camouflage 1,
gelatinous body 1, (nimble swimmer 1), tentacles
a: End Transformation


You were on level 4 of the Dungeon.
One of your tentacles had grown a beastly spike.
You visited 1 branch of the dungeon, and saw 4 of its levels.

You collected 137 gold pieces.

Inventory:

Hand Weapons
 a - a +2 short sword of speed (weapon)
 c - a +2 dagger of speed
 l - a +1 short sword of electrocution
 p - a +0 war axe
Missiles
 b - 34 arrows
 e - 114 stones
Jewellery
 f - a +4 ring of evasion (left tentacle)
 m - an amulet of reflection (around mantle)
Scrolls
 d - 2 scrolls of noise
 g - a scroll of enchant armour
 h - a scroll of teleportation {unknown}
 k - a scroll of enchant weapon {unknown}
 n - a scroll of blinking {unknown}
 o - a scroll of immolation {unknown}
 r - a scroll of identify
Potions
 i - a potion of might
 j - 4 potions of curing
 q - a potion of resistance {unknown}
 s - a potion of berserk rage {unknown}


   Skills:
 - Level 2.4 Fighting
 - Level 3.0 Dodging
 - Level 3.7 Unarmed Combat
 + Level 3.1 Spellcasting
 + Level 0.7 Hexes
 + Level 3.2 Transmutations
 + Level 0.7 Ice Magic
 + Level 1.1 Poison Magic


You had 3 spell levels left.
You knew the following spells:

 Your Spells              Type           Power      Damage    Failure   Level
a - Beastly Appendage     Tmut           26%        N/A       4%          1
b - Wereblood             Tmut           13%        N/A       7%          2
c - Spider Form           Tmut/Pois      10%        N/A       22%         3
d - Ensorcelled Hibernat  Hex/Ice        10%        N/A       19%         2

Your spell library contained the following spells:

 Spells                   Type           Power      Damage    Failure   Level
 Passwall                 Tmut/Erth      6%         N/A       14%         2
 Sandblast                Erth           4%         2d4       17%         1
 Stone Arrow              Conj/Erth      4%         3d7       45%         3
 Ice Form                 Ice/Tmut       9%         N/A       58%         4
 Anguish                  Hex/Necr       1%         N/A       83%         4


Dungeon Overview and Level Annotations

Branches:
Dungeon (4/15)             Temple (0/1) D:4

Altars:


Innate Abilities, Weirdness & Mutations

One of your tentacles has grown a beastly spike.
You cannot wear most types of armour.
You are amphibious.
You can wear up to eight rings at the same time.
Your skin changes colour to match your surroundings (Stealth+).
Your rubbery body absorbs attacks. (AC +1, EV +1)
((You are camouflaged when in or above water. (Stealth+)))
You have tentacles for arms and can constrict up to eight enemies at once.


Message History

j - 4 potions of curing (gained 1)
s - a metallic cyan potion A goblin comes into view.
It is wielding a +0 dagger.
An ogre comes into view. It is wielding a +0 giant spiked club.
Casting: Beastly Appendage (safe; 4% risk of failure)
Confirm with . or Enter, or press ? or * to list all spells.
You extend your transformation's duration.
Casting: Beastly Appendage (safe; 4% risk of failure)
Confirm with . or Enter, or press ? or * to list all spells.
Your blood is infused with primal strength.
The goblin shouts!
The ogre shouts!
A hound comes into view.
You block the goblin's attack.
A giant cockroach comes into view.
The hound barks!
You hit the goblin.
You kill the goblin!
You hit the ogre.
You pierce the ogre.
The ogre is lightly wounded.
A quokka comes into view.
The ogre hits you with a +0 giant spiked club!!
Ouch! That really hurt!
* * * LOW HITPOINT WARNING * * *
You puncture the ogre!
Your tentacle spike misses the ogre.
The ogre is moderately wounded.
You hit the ogre but do no damage.
You pierce the ogre.
You tentacle-slap the ogre, but do no damage.
The ogre is heavily wounded.
You howl as the wereblood boils in your veins!
The hound pauses to sniff the ground.
The hound misses you. The ogre misses you.
You hit the ogre.
You pierce the ogre.
You squeeze the ogre, but do no damage.
The ogre is heavily wounded.
You block the hound's attack.
You closely miss the ogre.
The ogre is heavily wounded.
The hound bites you but does no damage.
The giant cockroach bites you but does no damage.
The ogre hits you with a +0 giant spiked club!
You die...

#..................#
#.##........†.....#
#.
##.....##.[....... #
#####.###.##.####
#...#.# #.# .# #
#...# ..# # ##.
#...##.##
##...###.....##
#....O@..........
....#.Bh..#....... .
#..>..###...##
#r....# .###
........ #
.....###... #....
...## #.##. ... #.
...#


You could see an ogre, a hound, a quokka and a giant cockroach.

Vanquished Creatures
  3 orc priests
  An orc wizard (D:3)
  3 gnolls (D:3)
  2 adders (D:2)
  An adder skeleton (D:4)
  2 dart slugs (D:1)
  10 orcs
  2 bats
  8 endoplasms
  A giant cockroach (D:2)
  5 hobgoblins
  3 jackals (D:2)
  4 kobolds
  3 quokkas
  10 ball pythons
  3 frilled lizards
  6 goblins
  3 rats
70 creatures vanquished.

Notes
Turn   | Place    | Note
-------+----------+-------------------------------------------
     0 | D:1      | croobank the Octopode Transmuter began the quest for the
                  | Orb.
     0 | D:1      | Reached XP level 1. HP: 13/13 MP: 3/3
    64 | D:1      | Reached XP level 2. HP: 15/18 MP: 3/5
    70 | D:1      | Learned a level 2 spell: Wereblood
   964 | D:2      | Reached XP level 3. HP: 20/23 MP: 3/6
  1258 | D:2      | Found a faded altar of an unknown god.
  1814 | D:3      | Reached XP level 4. HP: 21/29 MP: 3/7
  1941 | D:2      | Learned a level 3 spell: Spider Form
  1976 | D:3      | Learned a level 2 spell: Ensorcelled Hibernation
  2547 | D:3      | Reached XP level 5. HP: 20/34 MP: 6/9
  2824 | D:4      | Reached skill level 1 in Poison Magic
  2824 | D:4      | Reached XP level 6. HP: 41/41 MP: 6/10
  2893 | D:4      | Found a staircase to the Ecumenical Temple.
  2911 | D:4      | Slain by an ogre

Illustrated notes

Levels and vault maps discovered:
D:1:      ncdulo_halloftheorcs, layout_rooms
D:2:      layout_rooms, shapermc_ecumenical_altar_mp_highgroup
D:3:      layout_rooms, serial_curves, eino_curves_03, eino_curves_02
D:4:      layout_rooms, minmay_temple_entry_tees, lemuel_old_faithful,
          uniq_pikel

Skill      XL: |  1  2  3  4  5 |
---------------+----------------+-----
Fighting       | 2 |  2.4
Dodging        | 3 |  3.0
Transmutations | 3 |  3.2
Spellcasting   | 3 |  3.1
Poison Magic   | 1 |  1.1
Unarmed Combat | |  3.7
Hexes          | |  0.7
Ice Magic      | |  0.7

Action                   |  1- 3 |  4- 6 || total
-------------------------+-------+-------++-------
Melee: Unarmed           |    22 |    24 ||    46
       Kick              |    21 |    17 ||    38
       Constrict         |    18 |    14 ||    32
       Tentacles         |    10 |    15 ||    25
       Short sword       |    45 |    51 ||    96
       Punch             |     1 |     2 ||     3
 Cast: Beastly Appendage |    19 |    10 ||    29
       Wereblood         |     1 |     3 ||     4
       Spider Form       |       |     2 ||     2
  Use: Scroll            |     1 |     3 ||     4
 Stab: Sleeping          |     3 |     3 ||     6
Armor: Skin              |       |     5 ||     5
Dodge: Dodged            |    32 |    74 ||   106
Block: Other             |       |     5 ||     5
